 Dungeon Sprint DCSS version 0.31-a0-75-g6fe912e8c5 (webtiles) character file.

Game seed: 15802067693510894855

12500000 sircluck the Axe Maniac (level 27, -121/273 HPs)
             Began as a Ghoul Gladiator on May 23, 2023.
             Was the Champion of Makhleb.
             Annihilated by a fleshlord
             ... wielding a +9 great mace
              (225 damage)
             ... in the Dungeon (Sprint VIII: "Arena of Blood").
             The game lasted 00:05:43 (125 turns).

sircluck the Axe Maniac (Ghoul Gladiator)            Turns: 125, Time: 00:05:43

Health: -121/273   AC:  8    Str: 32    XL:     27
Magic:  44/53      EV: 21    Int:  3    God:    Makhleb [******]
Gold:   0          SH:  0    Dex: 10    Spells: 80/80 levels left

rFire   . . .        k - +∞ Axe of Woe
rCold   + . .        (shield currently unavailable)
rNeg    + + +        b - +0 leather armour
rPois   ∞            c - +0 helmet
rElec   .            (no cloak)
rCorr   .            (no gloves)
SInv    .            (no boots)
Will    ++...        (no amulet)
Stlth   +++++++++    (no ring)
HPRegen 0.00/turn    (no ring)
MPRegen 0.33/turn

%: no teleportation
@: inhibited regen, slowed, very slow
A: claws 1, cold resistance 1, negative energy resistance 3, inhibited
regeneration, torment resistance 2, devour on kill
a: Renounce Religion, Minor Destruction, Lesser Servant of Makhleb, Major
Destruction, Greater Servant of Makhleb


You were in the Dungeon.
You worshipped Makhleb.
Makhleb was exalted by your worship.
You visited 1 branch

Inventory:

Hand Weapons
 a - a +0 war axe
 k - the +∞ Axe of Woe (weapon)
   (You found it in the Dungeon)
Missiles
 d - 3 throwing nets (quivered)
 e - a javelin
Armour
 b - a +0 leather armour (worn)
 c - a +0 helmet (worn)
Scrolls
 j - a scroll of blinking
Potions
 f - a potion of curing
 g - a potion of heal wounds
 h - a potion of haste
 i - 2 potions of magic


   Skills:
 O Level 27 Fighting
 O Level 27 Short Blades
 O Level 27 Long Blades
 O Level 27 Axes
 O Level 27 Maces & Flails
 O Level 27 Polearms
 O Level 27 Staves
 O Level 27 Ranged Weapons
 O Level 27 Throwing
 O Level 27 Armour
 O Level 27 Dodging
 O Level 27 Stealth
 O Level 27 Shields
 O Level 27 Unarmed Combat
 O Level 27 Spellcasting
 O Level 27 Conjurations
 O Level 27 Hexes
 O Level 27 Summonings
 O Level 27 Necromancy
 O Level 27 Translocations
 O Level 27 Transmutations
 O Level 27 Fire Magic
 O Level 27 Ice Magic
 O Level 27 Air Magic
 O Level 27 Earth Magic
 O Level 27 Poison Magic
 O Level 27 Invocations
 O Level 27 Evocations


You had 80 spell levels left.
You didn't know any spells.
Your spell library was empty.

Dungeon Overview and Level Annotations

Branches:
Dungeon (1/1)

Altars:
Makhleb


Innate Abilities, Weirdness & Mutations

You are immune to poison.
You have sharp fingernails.
Your flesh is cold resistant. (rC+)
You are immune to negative energy. (rN+++)
You do not regenerate when monsters are visible.
You are immune to unholy pain and torment.
You thrive by killing the living.


Message History

You feel better.
You hear a shout!
A fleshlord comes into view. It is wielding a +9 great mace.
The fleshlord gestures wildly while chanting.
The fleshlord seems to speed up.
You hear a shout!
The fleshlord points at you and mumbles some strange words.
You feel as though you will be slow longer.
You hear a shout! x3; The fleshlord shouts!
Unknown command.
Unknown command.
Unknown command.
Save game and exit?
You cannot train any new skills!
You feel omnipotent.
Welcome back, sircluck the Ghoul Gladiator.
Blood and souls for Makhleb!
Press ? for a list of commands and other information.
You cut the fleshlord into ribbons!!!
You hew the fleshlord savagely.
You kill the fleshlord!
Makhleb accepts your kill.
You hear a shout!
The fleshlord casts a spell.
The fleshlord seems to speed up.
The fleshlord gestures wildly while chanting.
The fleshlord seems to speed up.
A meat berserker comes into view. It is wielding a +9 battleaxe.
You hear a shout! x3
The fleshlord gestures at you while chanting.
You feel as though you will be slow longer.
The fleshlord mumbles some strange words.
The fleshlord seems to speed up.
Unknown command.
Unknown command.
Unknown command.
The fleshlord hits you with a +9 great mace!!!!
You hear a shout! x4
The fleshlord hits you with a +9 great mace!!!
The fleshlord hits you with a +9 great mace!!!!!
Ouch! That really hurt!
You die...

#....XX§§)..o....
......)§X).......
......)))).......
..O.#.))L)..#....
.....#.)))...#....
...###.).)...###...
.......)###).......
#......pp_).p.p....
......#p@.).#......
..oO..#_)<)_#......
.o....#.))).#.O....
#.......)_)........
...S....###......o.
...###... ...###...
.. #O.. ..# . #....
..# ..... ..O


You could see 5 fleshlords and a meat berserker (berserk).

Vanquished Creatures
  A hell knight (D)
  18 vampire knights (D)
  36 ogres (D)
  7 two-headed ogres (D)
  6 liches (D)
  5 hydras (D)
  Sigmund (D)
  4 phantoms (D)
  5 hell beasts (D)
  73 orcs (D)
  8 skeletal warriors (D)
  3 sea snakes (D)
  7 royal mummies (D)
  8 great orbs of eyes (D)
  9 wraiths (D)
191 creatures vanquished.

Notes
Turn   | Place    | Note
-------+----------+-------------------------------------------
     0 | D        | Found the +∞ Axe of Woe
     0 | D        | sircluck the Ghoul Gladiator began the quest for the Orb.
     0 | D        | Reached XP level 1. HP: 17/17 MP: 0/0
     0 | D        | Noticed a meat berserker
     2 | D        | Noticed a meat berserker
     2 | D        | Killed a meat berserker
     2 | D        | Noticed a bag of meat
     2 | D        | Noticed a bag of meat
     2 | D        | Noticed a bag of meat
     3 | D        | Reached skill level 10 in Fighting
     3 | D        | Reached XP level 2. HP: 39/39 MP: 1/1
     3 | D        | Reached XP level 3. HP: 46/46 MP: 2/2
     3 | D        | Reached XP level 4. HP: 53/53 MP: 3/3
     3 | D        | Reached XP level 5. HP: 59/59 MP: 4/4
     3 | D        | Reached XP level 6. HP: 67/67 MP: 5/5
     3 | D        | Reached XP level 7. HP: 73/73 MP: 6/6
     3 | D        | Reached XP level 8. HP: 81/81 MP: 7/7
     3 | D        | Reached XP level 9. HP: 86/86 MP: 8/8
     3 | D        | Reached XP level 10. HP: 94/94 MP: 9/9
     3 | D        | Reached XP level 11. HP: 101/101 MP: 10/10
     3 | D        | Reached XP level 12. HP: 108/108 MP: 11/11
     3 | D        | Noticed a bag of meat
     3 | D        | Noticed a bag of meat
     5 | D        | Became a worshipper of Makhleb the Destroyer
     6 | D        | Killed a meat berserker
     7 | D        | Reached skill level 10 in Throwing
     7 | D        | Reached XP level 13. HP: 38/119 MP: 12/12
     7 | D        | Noticed a meat berserker
     8 | D        | Noticed a meat berserker
     9 | D        | Noticed a bag of meat
     9 | D        | Noticed a meat berserker
     9 | D        | Noticed a meat berserker
     9 | D        | Noticed a meat berserker
    10 | D        | Noticed a bag of meat
    10 | D        | Noticed a bag of meat
    10 | D        | Noticed a bag of meat
    10 | D        | Noticed a bag of meat
    11 | D        | Noticed a bag of meat
    11 | D        | Noticed a bag of meat
    11 | D        | Noticed a bag of meat
    11 | D        | Noticed a bag of meat
    11 | D        | Noticed a bag of meat
    12 | D        | Killed a bag of meat
    12 | D        | Reached * piety under Makhleb
    12 | D        | Killed a meat berserker
    12 | D        | Noticed a bag of meat
    13 | D        | Reached XP level 14. HP: 63/133 MP: 13/13
    13 | D        | Killed a meat berserker
    13 | D        | Killed a bag of meat
    13 | D        | Reached ** piety under Makhleb
    13 | D        | Killed a bag of meat
    13 | D        | Noticed a bag of meat
    14 | D        | Reached XP level 15. HP: 94/144 MP: 14/14
    14 | D        | Killed a meat berserker
    14 | D        | Killed a meat berserker
    14 | D        | Reached *** piety under Makhleb
    15 | D        | Reached skill level 27 in Axes
    15 | D        | Reached skill level 15 in Throwing
    15 | D        | Reached skill level 27 in Dodging
    15 | D        | Reached XP level 16. HP: 119/160 MP: 15/15
    15 | D        | Killed a meat berserker
    17 | D        | Reached **** piety under Makhleb
    17 | D        | Noticed a meat berserker
    18 | D        | Reached skill level 5 in Armour
    18 | D        | Reached XP level 17. HP: 189/189 MP: 16/16
    18 | D        | Reached ***** piety under Makhleb
    18 | D        | Noticed a destroyer
    18 | D        | Noticed a meat berserker
    18 | D        | Noticed a meat berserker
    19 | D        | Reached skill level 27 in Fighting
    19 | D        | Noticed a large bag of meat
    19 | D        | Noticed a large bag of meat
    21 | D        | Reached skill level 27 in Throwing
    21 | D        | Reached skill level 15 in Armour
    21 | D        | Reached XP level 18. HP: 200/200 MP: 17/17
    22 | D        | Reached ****** piety under Makhleb
    24 | D        | Reached XP level 19. HP: 207/207 MP: 18/18
    24 | D        | Killed a meat berserker
    24 | D        | Killed a meat berserker
    25 | D        | Reached skill level 27 in Armour
    26 | D        | Reached skill level 5 in Short Blades
    26 | D        | Reached skill level 5 in Long Blades
    26 | D        | Reached skill level 5 in Maces & Flails
    26 | D        | Reached skill level 5 in Polearms
    26 | D        | Reached skill level 5 in Staves
    26 | D        | Reached skill level 5 in Ranged Weapons
    26 | D        | Reached skill level 5 in Shields
    26 | D        | Reached skill level 5 in Hexes
    26 | D        | Reached skill level 5 in Summonings
    26 | D        | Reached skill level 5 in Necromancy
    26 | D        | Reached skill level 5 in Translocations
    26 | D        | Reached skill level 5 in Transmutations
    26 | D        | Reached skill level 5 in Fire Magic
    26 | D        | Reached skill level 5 in Air Magic
    26 | D        | Reached skill level 5 in Evocations
    26 | D        | Killed a large bag of meat
    26 | D        | Noticed a meat berserker
    27 | D        | Reached XP level 20. HP: 168/216 MP: 18/28
    27 | D        | Noticed a destroyer
    27 | D        | Noticed a destroyer
    27 | D        | Noticed a destroyer
    28 | D        | Killed a meat berserker
    28 | D        | Noticed a destroyer
    28 | D        | Noticed a large bag of meat
    29 | D        | Reached skill level 27 in Stealth
    29 | D        | Reached XP level 21. HP: 224/224 MP: 18/29
    29 | D        | Killed a destroyer
    29 | D        | Killed a large bag of meat
    30 | D        | Reached skill level 10 in Necromancy
    30 | D        | Reached skill level 10 in Evocations
    31 | D        | Reached skill level 10 in Short Blades
    31 | D        | Reached skill level 10 in Summonings
    31 | D        | Reached skill level 10 in Translocations
    31 | D        | Reached skill level 10 in Transmutations
    31 | D        | Killed a destroyer
    31 | D        | Killed a meat berserker
    32 | D        | Reached skill level 10 in Long Blades
    32 | D        | Reached skill level 10 in Maces & Flails
    32 | D        | Reached skill level 10 in Polearms
    32 | D        | Reached skill level 10 in Staves
    32 | D        | Reached skill level 10 in Ranged Weapons
    32 | D        | Reached skill level 10 in Shields
    32 | D        | Reached skill level 10 in Hexes
    32 | D        | Reached skill level 10 in Fire Magic
    32 | D        | Reached skill level 10 in Air Magic
    32 | D        | Reached XP level 22. HP: 225/233 MP: 18/34
    34 | D        | Killed a large bag of meat
    34 | D        | Killed a destroyer
    34 | D        | Killed a destroyer
    34 | D        | Noticed a destroyer
    35 | D        | Reached skill level 10 in Spellcasting
    35 | D        | Reached skill level 10 in Conjurations
    35 | D        | Reached skill level 15 in Ice Magic
    35 | D        | Reached skill level 15 in Earth Magic
    35 | D        | Reached skill level 15 in Invocations
    37 | D        | Killed a destroyer
    38 | D        | Reached XP level 23. HP: 224/240 MP: 20/37
    39 | D        | Reached skill level 15 in Poison Magic
    39 | D        | Noticed a destroyer
    39 | D        | Killed a destroyer
    40 | D        | Reached skill level 15 in Unarmed Combat
    40 | D        | Reached skill level 15 in Necromancy
    40 | D        | Noticed a destroyer
    40 | D        | Noticed a destroyer
    41 | D        | Noticed a destroyer
    42 | D        | Reached skill level 15 in Evocations
    42 | D        | Killed a destroyer
    43 | D        | Reached skill level 15 in Short Blades
    43 | D        | Reached skill level 15 in Summonings
    43 | D        | Reached skill level 15 in Translocations
    43 | D        | Reached skill level 15 in Transmutations
    43 | D        | Reached XP level 24. HP: 146/249 MP: 21/38
    45 | D        | Noticed a large bag of meat
    46 | D        | Killed a destroyer
    46 | D        | Noticed a large bag of meat
    47 | D        | Reached skill level 15 in Fire Magic
    47 | D        | Reached skill level 15 in Air Magic
    49 | D        | Reached skill level 15 in Long Blades
    49 | D        | Reached skill level 15 in Maces & Flails
    49 | D        | Reached skill level 15 in Polearms
    49 | D        | Reached skill level 15 in Staves
    49 | D        | Reached skill level 15 in Ranged Weapons
    49 | D        | Reached skill level 15 in Shields
    50 | D        | Reached XP level 25. HP: 257/257 MP: 22/40
    50 | D        | Noticed a tyrant
    50 | D        | Noticed a tyrant
    51 | D        | Noticed a tyrant
    52 | D        | Noticed a tyrant
    53 | D        | Killed a large bag of meat
    54 | D        | Reached skill level 15 in Spellcasting
    54 | D        | Reached skill level 15 in Conjurations
    54 | D        | Reached skill level 15 in Hexes
    55 | D        | Killed a large bag of meat
    56 | D        | Reached XP level 26. HP: 118/266 MP: 23/41
    57 | D        | Killed a tyrant
    57 | D        | Killed a destroyer
    59 | D        | Noticed a dread
    60 | D        | Killed a destroyer
    64 | D        | Noticed a meat beast
    65 | D        | Noticed a destroyer
    66 | D        | Noticed a meat beast
    66 | D        | Killed a meat beast
    66 | D        | Noticed a destroyer
    67 | D        | Reached XP level 27. HP: 273/273 MP: 26/43
    69 | D        | Noticed a dread
    69 | D        | Noticed a large bag of meat
    70 | D        | Killed a dread
    70 | D        | Killed a meat beast
    71 | D        | Noticed a dread
    71 | D        | Killed a dread
    71 | D        | Killed a destroyer
    71 | D        | Noticed a tyrant
    72 | D        | Reached skill level 27 in Ice Magic
    72 | D        | Reached skill level 27 in Earth Magic
    72 | D        | Reached skill level 27 in Invocations
    73 | D        | Noticed a dread
    73 | D        | Killed a destroyer
    75 | D        | Killed a tyrant
    76 | D        | Noticed a destroyer
    77 | D        | Killed a tyrant
    79 | D        | Reached skill level 27 in Poison Magic
    79 | D        | Noticed an accursed
    81 | D        | Killed a destroyer
    81 | D        | Killed a dread
    81 | D        | Noticed a destroyer
    82 | D        | Reached skill level 27 in Unarmed Combat
    82 | D        | Reached skill level 27 in Necromancy
    82 | D        | Killed a dread
    82 | D        | Noticed a destroyer
    82 | D        | Noticed a large bag of meat
    84 | D        | Noticed a dread
    84 | D        | Noticed an accursed
    85 | D        | Killed a destroyer
    86 | D        | Reached skill level 27 in Evocations
    86 | D        | Killed a large bag of meat
    86 | D        | Noticed a destroyer
    86 | D        | Noticed a dread
    87 | D        | Noticed The Captor
    88 | D        | Reached skill level 27 in Short Blades
    88 | D        | Killed a destroyer
    89 | D        | Reached skill level 27 in Summonings
    89 | D        | Reached skill level 27 in Translocations
    89 | D        | Reached skill level 27 in Transmutations
    90 | D        | Killed a tyrant
    90 | D        | Killed a destroyer
    90 | D        | Killed a dread
    91 | D        | Reached skill level 27 in Long Blades
    91 | D        | Reached skill level 27 in Maces & Flails
    91 | D        | Reached skill level 27 in Polearms
    91 | D        | Reached skill level 27 in Staves
    91 | D        | Reached skill level 27 in Ranged Weapons
    91 | D        | Reached skill level 27 in Shields
    91 | D        | Reached skill level 27 in Fire Magic
    91 | D        | Reached skill level 27 in Air Magic
    91 | D        | Noticed a dread
    91 | D        | Noticed an accursed
    92 | D        | Killed a tyrant
    92 | D        | Killed a large bag of meat
    93 | D        | Reached skill level 27 in Spellcasting
    93 | D        | Reached skill level 27 in Conjurations
    93 | D        | Reached skill level 27 in Hexes
    93 | D        | Noticed a destroyer
    94 | D        | Noticed an accursed
    94 | D        | Killed an accursed
    94 | D        | Killed a dread
    95 | D        | Killed The Captor
    96 | D        | Noticed a large bag of meat
    97 | D        | Killed a dread
    97 | D        | Noticed an accursed
    98 | D        | Noticed a meat beast
   100 | D        | Killed an accursed
   100 | D        | Noticed a meat beast
   100 | D        | Noticed a tyrant
   101 | D        | Noticed a meat beast
   102 | D        | Killed a meat beast
   102 | D        | Killed a tyrant
   104 | D        | Killed an accursed
   104 | D        | Killed a meat beast
   105 | D        | Killed a meat beast
   106 | D        | Killed a destroyer
   109 | D        | Killed an accursed
   109 | D        | Noticed an accursed
   110 | D        | Killed an accursed
   112 | D        | Noticed a dread
   112 | D        | Killed a dread
   115 | D        | Noticed an accursed
   115 | D        | Noticed a dread
   117 | D        | Killed an accursed
   119 | D        | Noticed a fleshlord
   120 | D        | Noticed a destroyer
   120 | D        | Noticed a fleshlord
   120 | D        | Noticed a fleshlord
   121 | D        | Killed an accursed
   121 | D        | Noticed a fleshlord
   122 | D        | Killed a destroyer
   122 | D        | Noticed a fleshlord
   123 | D        | Killed a dread
   123 | D        | Noticed a fleshlord
   124 | D        | Killed a fleshlord
   125 | D        | Annihilated by a fleshlord

Illustrated notes

Levels and vault maps discovered:
D:        meatsprint

Skill      XL: |  1  2  3  4  5  6  7  8  9 10 11 12 13 14 15 16 17 18 19 20 21 22 23 24 25 26 27 |
---------------+----------------------------------------------------------------------------------+-----
Fighting       | 10 12 14 16 19 26 27 | 27.0
Axes           | 18 20 23 26 27 | 27.0
Throwing       | 9 10 12 13 15 21 27 | 27.0
Dodging        | 17 19 22 24 27 | 27.0
Armour         | 5 15 26 27 | 27.0
Short Blades   | 6 11 13 15 17 18 20 27 | 27.0
Long Blades    | 6 10 12 13 15 16 19 27 | 27.0
Maces & Flails | 6 10 12 13 15 17 19 27 | 27.0
Polearms       | 6 10 12 13 15 17 19 27 | 27.0
Staves         | 6 10 12 13 15 17 19 27 | 27.0
Ranged Weapons | 6 10 12 13 15 17 19 27 | 27.0
Stealth        | 8 27 | 27.0
Shields        | 6 10 12 13 15 17 19 27 | 27.0
Unarmed Combat | 8 12 14 16 18 19 22 27 | 27.0
Spellcasting   | 6 9 11 12 14 15 17 27 | 27.0
Conjurations   | 6 9 11 12 14 15 17 27 | 27.0
Hexes          | 6 10 11 13 14 15 17 27 | 27.0
Summonings     | 6 11 13 15 16 18 20 27 | 27.0
Necromancy     | 7 12 14 16 18 20 22 27 | 27.0
Translocations | 6 11 13 15 16 18 20 27 | 27.0
Transmutations | 6 11 13 15 16 18 20 27 | 27.0
Fire Magic     | 6 10 12 14 15 17 19 27 | 27.0
Ice Magic      | 9 13 15 18 20 21 24 27 | 27.0
Air Magic      | 6 10 12 14 15 17 19 27 | 27.0
Earth Magic    | 9 13 15 18 20 21 24 27 | 27.0
Poison Magic   | 8 12 14 16 18 20 22 27 | 27.0
Invocations    | 9 13 15 18 20 21 24 27 | 27.0
Evocations     | 7 11 13 15 17 18 21 27 | 27.0

Action                     |  1- 3 |  4- 6 |  7- 9 | 10-12 | 13-15 | 16-18 | 19-21 | 22-24 | 25-27 || total
---------------------------+-------+-------+-------+-------+-------+-------+-------+-------+-------++-------
  Melee: Executioner's axe |     1 |       |       |     1 |     3 |     7 |     7 |    12 |    54 ||    85
 Invoke: Greater Servant o |       |       |       |       |       |       |       |       |     1 ||     1
 Armour: Leather armour    |       |       |       |       |       |       |       |       |     8 ||     8
  Dodge: Dodged            |       |       |       |       |       |       |       |     2 |    11 ||    13

Table legend: (Time is in decaauts)
 A = Elapsed time spent in this place.
 B = Non-inter-level travel time spent in this place.
 C = Inter-level travel time spent in this place.
 D = Time resting spent in this place.
 E = Time spent auto-exploring this place.
 F = Levels seen in this place.
 G = Mean time per level.
                   A        B        C        D        E       F      G
               +--------+--------+--------+--------+--------+-----+--------+
         Total |    111 |    111 |      0 |      0 |      0 |   1 |  111.0 |
       Dungeon |    111 |    111 |      0 |      0 |      0 |   1 |  111.0 |
               +--------+--------+--------+--------+--------+-----+--------+

Top non-repeatable levels by time:
       D: 111 daAuts
